 Dungeon Crawl Stone Soup version 0.21.0-3-g78d12a8 (webtiles) character file.

285 Gildeon the Chopper (level 6, -1/51 HPs)
             Began as a Minotaur Fighter on Jan 8, 2018.
             Slain by Pikel
             ... wielding a +0 whip of flaming
              (2 damage)
             ... on level 4 of the Dungeon.
             The game lasted 00:10:33 (2216 turns).

Gildeon the Chopper (Minotaur Fighter)              Turns: 2216, Time: 00:10:38

Health: -1/51      AC: 10    Str: 25    XL:     6   Next: 7%
Magic:  5/5        EV:  6    Int:  6    God:
Gold:   112        SH: 10    Dex: 11    Spells: 2/5 levels left

rFire    + . .     SeeInvis .   a - +1 war axe
rCold    . . .     Gourm    .   c - +0 shield
rNeg     . . .     Faith    .   e - +0 chain mail
rPois    .         Spirit   .   (helmet unavailable)
rElec    .         Reflect  .   b - scarf {cloud immunity}
rCorr    .         Harm     .   (no gloves)
MR       +....                  l - +0 pair of boots
Stlth    ..........             (no amulet)
HPRegen  0.17/turn              k - ring of protection from magic
MPRegen  0.09/turn              n - ring of wizardry

@: mighty, hasted, very quick
A: retaliatory headbutt, horns 3, fire resistance 1
a: no special abilities


You were on level 4 of the Dungeon.
You were not hungry.

You visited 1 branch of the dungeon, and saw 4 of its levels.

You collected 112 gold pieces.

Inventory:

Hand Weapons
 a - a +1 war axe (weapon)
 g - a +2 flail of crushing
Armour
 b - a scarf of cloud immunity (worn)
 c - a +0 shield (worn)
 e - a +0 chain mail (worn)
 l - a +0 pair of boots (worn)
Jewellery
 k - a ring of protection from magic (left hand)
 n - a ring of wizardry (right hand)
Potions
 m - a potion of flight
Books
 o - a book of Minor Magic

   Spells                             Type                      Level
   a - Magic Dart                     Conjuration                  1
   b - Blink                          Translocation                2
   c - Call Imp                       Summoning                    2
   d - Slow                           Hexes                        2
   e - Conjure Flame                  Conjuration/Fire             3
   f - Mephitic Cloud                 Conjuration/Poison/Air       3
Comestibles
 f - 5 rations
 h - 4 chunks of flesh


   Skills:
 - Level 3.6 Fighting
 + Level 7.8 Axes
 - Level 3.6 Armour
 - Level 3.6 Shields


You had 2 spell levels left.
You knew the following spells:

 Your Spells              Type           Power        Failure   Level  Hunger
a - Conjure Flame         Conj/Fire      #.......     100%        3    ####...


Dungeon Overview and Level Annotations

Branches:
Dungeon (4/15)
 Temple: D:4-7

Altars:

Annotations:
D:4 Grinder, Pikel


Innate Abilities, Weirdness & Mutations

You reflexively headbutt those who attack you in melee.
You have a pair of large horns on your head.
Your flesh is heat resistant. (rF+)


Message History

You closely miss Pikel.
Pikel is severely wounded.
You hit the slave but do no damage. Pikel barely misses you.
The slave hits you but does no damage. Pikel hits you with a whip of flaming.
You feel very mighty all of a sudden. Pikel hits you with a whip of flaming.
You block the slave's attack.
You feel yourself speed up. Pikel hits you with a whip of flaming!
* * * LOW HITPOINT WARNING * * *
The slave completely misses you.
Grinder blinks!
You block Pikel's attack.
You closely miss Pikel.
Pikel is severely wounded.
You slash the slave! Pikel barely misses you. You block the slave's attack.
Grinder says, "Just stop there for a second..."
You closely miss Pikel. You headbutt Pikel!
Pikel is almost dead.
Your shield and chain mail prevent you from hitting the slave.
Pikel hits you with a whip of flaming!
* * * LOW HITPOINT WARNING * * *
Pikel burns you.
You die...

.. ####)### #......#
.#..$...######
...$.........
........#..#.# ####
#.÷#..#.#
..=..#####.....#.###
.......pK@.........+
.......pp#.##..#.###
........p#.###.#.#
....5....#.###...#
......§..#.....).#
.........#....[..#
##.......#..).[..#
#.......#....<..#
#.......##......#


You could see Pikel (berserk), Grinder and 4 slaves.

Vanquished Creatures
  Edmund (D:4)
  An orc wizard (D:3)
  4 adders
  3 worms (D:2)
  2 dart slugs (D:1)
  A leopard gecko (D:2)
  6 orcs (D:3)
  A ball python (D:3)
  8 giant cockroaches
  9 goblins
  11 hobgoblins
  2 jackals (D:4)
  5 kobolds
  3 quokkas
  9 bats
  8 frilled lizards
  7 rats
81 creatures vanquished.

Notes
Turn   | Place    | Note
-------+----------+-------------------------------------------
     0 | D:1      | Gildeon the Minotaur Fighter began the quest for the Orb.
     0 | D:1      | Reached XP level 1. HP: 19/19 MP: 0/0
    16 | D:1      | Reached skill level 3 in Axes
    72 | D:1      | Reached XP level 2. HP: 22/26 MP: 1/1
   439 | D:1      | Reached skill level 4 in Axes
   618 | D:2      | Reached XP level 3. HP: 31/31 MP: 2/2
   836 | D:2      | Reached skill level 5 in Axes
   896 | D:2      | Gained mutation: You have a pair of large horns on your head. [potion of mutation]
   896 | D:2      | Gained mutation: Your flesh is heat resistant. (rF+) [potion of mutation]
   903 | D:2      | Reached XP level 4. HP: 39/39 MP: 3/3
  1286 | D:3      | Reached skill level 6 in Axes
  1310 | D:3      | Found a faded altar of an unknown god.
  1400 | D:3      | Reached XP level 5. HP: 45/45 MP: 4/4
  1699 | D:3      | Learned a level 3 spell: Conjure Flame
  2091 | D:4      | Noticed Edmund
  2098 | D:4      | Killed Edmund
  2098 | D:4      | Reached skill level 7 in Axes
  2098 | D:4      | Reached XP level 6. HP: 34/51 MP: 5/5
  2189 | D:4      | Noticed Grinder
  2196 | D:4      | Noticed a slave
  2196 | D:4      | Noticed a slave
  2197 | D:4      | Noticed a slave
  2199 | D:4      | Noticed Pikel
  2203 | D:4      | Noticed a slave
  2216 | D:4      | HP: 1/51 [Pikel/whip of flaming (10)]
  2216 | D:4      | Slain by Pikel

Skill      XL: |  1  2  3  4  5 |
---------------+----------------+-----
Axes           | 3 4 5 6 7 |  7.8
Fighting       | |  3.6
Armour         | |  3.6
Shields        | |  3.6

Action                   |  1- 3 |  4- 6 || total
-------------------------+-------+-------++-------
Melee: War axe           |   105 |    94 ||   199
       Headbutt          |    11 |    15 ||    26
  Use: Scroll            |     4 |     3 ||     7
       Potion            |     1 |     4 ||     5
  Eat: Chunk             |       |     4 ||     4
Armor: Scale mail        |    47 |    18 ||    65
       Chain mail        |       |    28 ||    28
Dodge: Dodged            |    35 |    21 ||    56
Block: Shield            |    60 |    39 ||    99
